 Dungeon Crawl Stone Soup version 0.29-a0-200-gc7997b95f3 (webtiles) character file.

Game seed: 13184331284847498124

571 Aksej the Archer (level 7, -4/35 HPs)
             Began as a Spriggan Hunter on Feb 23, 2022.
             Slain by a gnoll
             ... wielding a +0 whip
              (6 damage)
             ... on level 4 of the Dungeon.
             The game lasted 00:12:17 (3374 turns).

Aksej the Archer (Spriggan Hunter)                  Turns: 3374, Time: 00:12:17

Health: -4/35      AC:  3    Str: 12    XL:     7   Next: 11%
Magic:  8/8        EV: 21    Int: 12    God:
Gold:   204        SH:  0    Dex: 24    Spells: 6/6 levels left

rFire   + + .      SeeInvis +   b - +8 mace of Purpose {holy, rElec rN+ rCorr Str+4}
rCold   . . .      Faith    .   (no shield)
rNeg    + . .      Spirit   .   n - +1 robe
rPois   .          Reflect  .   (helmet restricted)
rElec   +          Harm     .   h - scarf {shadows}
rCorr   +          Rampage  .   (gloves unavailable)
Will    +....                   (boots unavailable)
Stlth   ++........              (no amulet)
HPRegen 0.11/turn               g - ring "Juoget" {rF+ Dex+6 Stlth+}
MPRegen 0.11/turn               k - ring of protection from fire

@: lit by a corona, glowing, very quick
A: very small, no large weapons, unfitting armour, see invisible, speed 3
a: no special abilities


You were on level 4 of the Dungeon.
You visited 1 branch of the dungeon, and saw 4 of its levels.

You collected 238 gold pieces.
You spent 34 gold pieces at shops.

Inventory:

Hand Weapons
 a - a +2 shortbow
 b - the +8 mace of Purpose (weapon) {holy, rElec rN+ rCorr Str+4}
   (You found it on level 4 of the Dungeon)

   It has been blessed by the Shining One to cause great damage to the undead
   and demons.
   Str:       It affects your strength (+4).
   rElec:     It insulates you from electricity.
   rN:        It protects you from negative energy.
   rCorr:     It protects you from acid and corrosion.
Armour
 h - a scarf of shadows (worn)
 n - a +1 robe (worn)
Jewellery
 g - the ring "Juoget" (left hand) {rF+ Dex+6 Stlth+}
   (You acquired it on level 1 of the Dungeon)

   [ring of dexterity]

   Dex:       It affects your dexterity (+6).
   rF:        It protects you from fire.
   Stlth:     It makes you more stealthy.
 k - a ring of protection from fire (right hand)
Wands
 m - a wand of paralysis (4)
Scrolls
 e - a scroll of amnesia {unknown}
 l - a scroll of magic mapping {unknown}
Potions
 c - a potion of haste
 d - 2 potions of cancellation
 f - a potion of might
 i - a potion of berserk rage {unknown}
 j - a potion of ambrosia {unknown}


   Skills:
 + Level 2.6 Fighting
 + Level 8.4 Bows
 * Level 4.7 Dodging
 * Level 4.8 Stealth


You had 6 spell levels left.
You didn't know any spells.
Your spell library contained the following spells:

 Spells                   Type           Power      Damage    Failure   Level
 Call Canine Familiar     Summ           0%         N/A       69%         3
 Portal Projectile        Hex/Tloc       0%         N/A       69%         3
 Airstrike                Air            0%         N/A       97%         4
 Leda's Liquefaction      Hex/Erth       0%         N/A       97%         4
 Summon Lightning Spire   Summ/Air       0%         N/A       97%         4
 Lightning Bolt           Conj/Air       0%         1d11      100%        5


Dungeon Overview and Level Annotations

Branches:
Dungeon (4/15)
 Temple: D:4-7

Altars:

Shops:
D:2 *

Annotations:
D:4 Grinder


Innate Abilities, Weirdness & Mutations

You are very small and have problems with some larger weapons.
You are too small for most types of armour.
You have supernaturally acute eyesight. (SInv)
You cover ground extremely quickly. (Speed+++)


Message History

Things that are here:
a +0 flail; a gnoll corpse Shoot: a) +2 shortbow
Press: ? - help, Shift-Dir - straight line, f - Grinder
Aim: Grinder (asleep, 98% to hit)
You shoot an arrow.
The arrow hits Grinder but does no damage.
Grinder shouts!
The gnoll shaman shouts!
The gnoll shouts!
Shoot: a) +2 shortbow
Press: ? - help, Shift-Dir - straight line, f/p - Grinder
Aim: Grinder (68% to hit)
You shoot an arrow. The arrow barely misses Grinder.
Grinder gestures at you. Pain shoots through your body!
Okay, then.
Okay, then.
You feel stronger.
The +8 mace of Purpose {holy, rElec rN+ rCorr Str+4} softly glows with a divine radiance!
b - the +8 mace of Purpose (weapon)
{holy, rElec rN+ rCorr Str+4} The gnoll shaman closely misses you.
Grinder barely misses you.
You see here a +0 halberd.
You sock Grinder!
Grinder convulses!
Grinder is heavily wounded.
The gnoll shaman mumbles some strange prayers to its god against you.
You are outlined in light.
Grinder closely misses you. The gnoll hits you with a +0 whip.
You hit Grinder.
Grinder convulses.
Grinder is severely wounded.
The gnoll shaman hits you with a +0 whip.
Grinder completely misses you. The gnoll hits you with a +0 whip.
The gnoll shaman hits you with a +0 whip!
* * * LOW HITPOINT WARNING * * *
You barely miss Grinder.
Grinder is severely wounded.
Grinder hits you!
* * * LOW HITPOINT WARNING * * *
You writhe in agony.
* * * LOW HITPOINT WARNING * * *
The gnoll hits you with a +0 whip.
You die...

######### .
.......#.#####+###)
.......#........'.
.......#........#
.......#........#
<......#........#
.......###'###).# ###
#########..###..##...#
........)....#..@5...#
.............#.gg....#
.............#.......#
.............#.......#
............##.......#
..>..........#########
'##'########.#
.............#
.............#


You could see Grinder, a gnoll shaman and a gnoll.

Vanquished Creatures
  Edmund (D:4)
  Pargi (D:4)
  A black bear (D:4)
  A jelly (D:4)
  An iguana (D:3)
  2 orc wizards (D:4)
  Robin (D:3)
  2 gnolls (D:4)
  2 adders
  A worm (D:2)
  2 dart slugs
  15 orcs
  6 endoplasms
  3 giant cockroaches
  17 goblins
  9 hobgoblins
  9 kobolds
  4 quokkas
  4 ball pythons
  8 bats
  3 frilled lizards
  6 rats
99 creatures vanquished.

Notes
Turn   | Place    | Note
-------+----------+-------------------------------------------
     0 | D:1      | Aksej the Spriggan Hunter began the quest for the Orb.
     0 | D:1      | Reached XP level 1. HP: 10/10 MP: 2/2
    85 | D:1      | Reached skill level 5 in Bows
   105 | D:1      | Reached XP level 2. HP: 14/14 MP: 3/3
   366 | D:1      | Found a faded altar of an unknown god.
   368 | D:1      | Reached XP level 3. HP: 18/18 MP: 4/4
   604 | D:1      | Identified a scroll of acquirement
   604 | D:1      | Acquired the ring "Juoget" {rF+ Dex+6 Stlth+}
  1088 | D:2      | Reached skill level 6 in Bows
  1097 | D:2      | Found Udoagaz's Assorted Antiques.
  1111 | D:2      | Bought an emerald potion for 16 gold pieces
  1111 | D:2      | Bought a scroll labelled YZXOAHA NUKI for 18 gold pieces
  1406 | D:3      | Reached XP level 4. HP: 23/23 MP: 5/5
  1793 | D:3      | Noticed Robin
  1801 | D:3      | Killed Robin
  2205 | D:3      | Reached XP level 5. HP: 26/26 MP: 6/6
  2682 | D:4      | Reached skill level 7 in Bows
  2779 | D:4      | Noticed Edmund
  2824 | D:4      | Killed Edmund
  2825 | D:4      | Reached XP level 6. HP: 30/30 MP: 7/7
  2860 | D:4      | Noticed Pargi
  2945 | D:4      | Killed Pargi
  2946 | D:4      | Reached skill level 8 in Bows
  3188 | D:4      | Identified the +8 mace of Purpose {holy, rElec rN+ rCorr
                  | Str+4}
  3285 | D:4      | Reached XP level 7. HP: 26/35 MP: 8/8
  3366 | D:4      | Noticed Grinder
  3374 | D:4      | Slain by a gnoll

Illustrated notes

Levels and vault maps discovered:
D:1:      lemuel_arrival_muddy, layout_basic, ebering_ecumenical_altar_box
D:2:      layout_basic, serial_shops, nicolae_diamond_shop
D:3:      minmay_evil_eye, layout_basic, uniq_robin
D:4:      layout_gridville, uniq_grinder, uniq_edmund, uniq_pargi

Skill      XL: |  1  2  3  4  5  6 |
---------------+-------------------+-----
Bows           | 5 6 7 8 |  8.4
Dodging        | 3 4 |  4.7
Stealth        | 2 3 4 |  4.8
Fighting       | 2 |  2.6

Action                   |  1- 3 |  4- 6 |  7- 9 || total
-------------------------+-------+-------+-------++-------
Melee: Shortbow          |       |     3 |       ||     3
       Mace              |       |       |     3 ||     3
 Fire: Shortbow          |    99 |   142 |     2 ||   243
  Use: Scroll            |     5 |     2 |       ||     7
       Potion            |     2 |     2 |       ||     4
Armor: Robe              |     5 |     5 |       ||    10
Dodge: Dodged            |    24 |    44 |     4 ||    72

Table legend: (Time is in decaauts)
 A = Elapsed time spent in this place.
 B = Non-inter-level travel time spent in this place.
 C = Inter-level travel time spent in this place.
 D = Time resting spent in this place.
 E = Time spent auto-exploring this place.
 F = Levels seen in this place.
 G = Mean time per level.
                   A        B        C        D        E       F      G
               +--------+--------+--------+--------+--------+-----+--------+
         Total |   2440 |   2415 |     25 |      0 |   1915 |   4 |  610.0 |
       Dungeon |   2440 |   2415 |     25 |      0 |   1915 |   4 |  610.0 |
               +--------+--------+--------+--------+--------+-----+--------+

Top non-repeatable levels by time:
     D:4: 825 daAuts
     D:3: 728 daAuts
     D:2: 459 daAuts
     D:1: 427 daAuts
